 Dungeon Crawl Stone Soup version 0.21.0-3-g78d12a8bdd (webtiles) character file.

176 BoneFucker the Sneak (level 5, 0/41 HPs)
             Began as a Formicid Enchanter on Jan 10, 2018.
             Slain by a worker ant (2 damage)
             ... on level 3 of the Dungeon.
             The game lasted 00:13:05 (3569 turns).

BoneFucker the Sneak (Formicid Enchanter)           Turns: 3569, Time: 00:13:05

Health: 0/41       AC:  7    Str: 13    XL:     5   Next: 86%
Magic:  2/8        EV: 11    Int: 15    God:
Gold:   173        SH:  0    Dex: 11    Spells: 4/8 levels left

rFire    + . .     SeeInvis +   a - +1 dagger
rCold    . . .     Gourm    .   (no shield)
rNeg     . . .     Faith    .   s - +0 ring mail
rPois    .         Spirit   .   (helmet unavailable)
rElec    .         Reflect  .   g - +1 cloak
rCorr    .         Harm     .   (no gloves)
MR       .....                  (no boots)
Stlth    ++........             (no amulet)
HPRegen  0.13/turn              m - ring of protection from fire
MPRegen  0.11/turn              (no ring)

@: very slightly contaminated
A: permanent stasis, dig shafts and tunnels, four strong arms, antennae 3
a: Dig, Shaft Self


You were on level 3 of the Dungeon.
You were not hungry.

You visited 1 branch of the dungeon, and saw 4 of its levels.

You collected 173 gold pieces.

Inventory:

Hand Weapons
 a - a +1 dagger (weapon)
 e - a +0 spear
Armour
 g - a +1 cloak (worn)
 s - a +0 ring mail (worn)
 t - a +0 shield
 u - a scarf of spirit shield
Magical Staves
 k - an uncursed staff of summoning {unknown}
Jewellery
 m - a ring of protection from fire (left hand)
Wands
 o - a wand of digging (6)
Scrolls
 b - a scroll of teleportation {unknown}
 i - 2 scrolls of blinking {unknown}
 j - a scroll of amnesia
 p - a scroll of fog {unknown}
 x - a scroll of remove curse
 z - 3 scrolls of identify
Potions
 f - a potion of mutation {unknown}
 h - 2 potions of might {unknown}
 l - a potion of agility {unknown}
 q - a potion of ambrosia {unknown}
 r - a potion of curing {unknown}
 v - 2 potions of lignification {unknown}
 w - a potion of heal wounds {unknown}
Books
 c - a book of Maledictions

   Spells                             Type                      Level
   a - Corona                         Hexes                        1
   b - Ensorcelled Hibernation        Hexes/Ice                    2
   c - Confuse                        Hexes                        3
   d - Tukima's Dance                 Hexes                        3
   e - Dazzling Spray                 Conjuration/Hexes            3
Comestibles
 d - 5 rations


   Skills:
 * Level 3.0 Fighting
 - Level 1.0 Short Blades
 - Level 3.0 Armour
 - Level 2.0 Dodging
 - Level 5.0 Stealth
 - Level 2.1 Spellcasting
 - Level 4.0 Hexes


You had 4 spell levels left.
You knew the following spells:

 Your Spells              Type           Power        Failure   Level  Hunger
a - Corona                Hex            ##.....      9%          1    #......
b - Confuse               Hex            ##......     26%         3    ###....


Dungeon Overview and Level Annotations

Branches:
Dungeon (4/15)
 Temple: D:4-7

Altars:
Fedhas
Kikubaaqudgha
Trog

Annotations:
D:3 Grinder, Jessica


Innate Abilities, Weirdness & Mutations

You cannot be hasted, slowed, berserked, paralysed or teleported.
You can dig through walls and to a lower floor.
Your four strong arms can wield two-handed weapons with a shield.
You have a pair of large antennae on your head. (SInv)


Message History

Pain shoots through your body!
Grinder blinks!
Casting: Corona
Confirm with . or Enter, or press ? or * to list all spells.
Aiming: Confuse
Press: ? - help, Shift-Dir - straight line, f - worker ant
Aim: a worker ant (chance to defeat MR: 52%)
You miscast Confuse.
You are very lightly contaminated with residual magic.
You feel off-balance for a moment. The worker ant closely misses you.
The worker ant barely misses you.
Casting: Confuse
Confirm with . or Enter, or press ? or * to list all spells.
Aiming: Confuse
Press: ? - help, Shift-Dir - straight line, f/p - worker ant
Aim: a worker ant (chance to defeat MR: 52%)
The worker ant resists with significant effort.
The worker ant bites you.
You die...

#.'...# #.#### #.....
#.#.[.# #.# ###...
#.###.# #.########..#
#.###.# #####...........#
#.....###................
#####>...................
#.#...###....#######.
#[#a#####............
#)#.@......#.#######.
#.#######..#.........
#......<......##.####
#######.#.)##.##.#
#.#..##)##.#
###.#..##.##.#
#......##.##.#
######.#...#[# #.....#.#


You could see a worker ant.

Vanquished Creatures
  A bullfrog skeleton (D:4)
  3 gnolls
  4 adders
  2 oozes
  2 dart slugs
  7 orcs
  A ball python (D:2)
  9 bats
  A giant cockroach (D:2)
  5 goblins
  10 hobgoblins
  2 jackals (D:1)
  5 kobolds
  2 quokkas
  4 frilled lizards
  6 rats
64 creatures vanquished.

Notes
Turn   | Place    | Note
-------+----------+-------------------------------------------
     0 | D:1      | BoneFucker the Formicid Enchanter began the quest for the Orb.
     0 | D:1      | Reached XP level 1. HP: 13/13 MP: 3/3
   107 | D:1      | Reached skill level 1 in Fighting
   136 | D:1      | Reached XP level 2. HP: 20/21 MP: 1/5
   801 | D:2      | Reached XP level 3. HP: 21/28 MP: 4/6
   808 | D:2      | Learned a level 3 spell: Confuse
  1690 | D:3      | Reached XP level 4. HP: 31/35 MP: 7/7
  1753 | D:3      | Found a bloodstained altar of Trog.
  1757 | D:3      | Noticed Jessica
  1913 | D:3      | Reached skill level 4 in Stealth
  2248 | D:3      | Reached skill level 5 in Stealth
  2302 | D:3      | Reached XP level 5. HP: 41/41 MP: 6/8
  2442 | D:3      | Reached skill level 1 in Armour
  3266 | D:4      | Noticed an ogre
  3279 | D:4      | Found an ancient bone altar of Kikubaaqudgha.
  3285 | D:4      | Found a blossoming altar of Fedhas.
  3407 | D:4      | Noticed Grinder
  3565 | D:3      | HP: 1/41 [Grinder/nerve-wracking pain (5)]
  3569 | D:3      | Slain by a worker ant

Skill      XL: |  1  2  3  4  5 |
---------------+----------------+-----
Fighting       | 1 2 3 |  3.0
Dodging        | 2 |  2.0
Stealth        | 5 |  5.0
Hexes          | 4 |  4.0
Armour         | 3 |  3.0
Short Blades   | |  1.0
Spellcasting   | |  2.1

Action                   |  1- 3 |  4- 6 || total
-------------------------+-------+-------++-------
Melee: Dagger            |   158 |   170 ||   328
 Cast: Corona            |    34 |    25 ||    59
       Confuse           |       |     7 ||     7
 Abil: Dig               |     3 |     8 ||    11
  Use: Scroll            |       |     4 ||     4
 Stab: Sleeping          |     5 |     3 ||     8
  Eat: Chunk             |     4 |     6 ||    10
       Ration            |       |     1 ||     1
Armor: Robe              |    67 |     1 ||    68
       Ring mail         |       |    65 ||    65
       Leather armour    |       |     9 ||     9
Dodge: Dodged            |   179 |   121 ||   300
